 Dungeon Crawl Stone Soup version 0.29.1-2-gbd0b4ee654 (webtiles) character file.

Game seed: 10176780251450484948

65 xian the Grasshopper (level 3, -9/45 HPs)
             Began as a Draconian Warper on Nov 16, 2022.
             Was an Initiate of Wu Jian.
             Mangled by a wyvern (14 damage)
             ... on level 4 of the Dungeon.
             The game lasted 00:06:17 (2945 turns).

xian the Grasshopper (Draconian Warper)             Turns: 2945, Time: 00:06:19

Health: -9/45      AC: 21    Str: 13 (15) XL:     3   Next: 92%
Magic:  6/6        EV:  2    Int: 10 (13) God:    Wu Jian [......]
Gold:   192        SH:  0    Dex:  8 (10) Spells: 1/6 levels left

rFire   . . .      SeeInvis .   s - +1 hand axe (vorpal)
rCold   . . .      Faith    .   (no shield)
rNeg    . . .      Spirit   .   (body armour unavailable)
rPois   +          Reflect  .   (helmet currently unavailable)
rElec   .          Harm     .   (cloak currently unavailable)
rCorr   +          Rampage  .   (gloves currently unavailable)
Will    .....      NoTele   +   (boots currently unavailable)
Stlth   +.........              (no amulet)
HPRegen 0.15/turn               u - ring of resist corrosion
MPRegen 0.10/turn               (no ring)

@: tree-form
A: stationary, stasis, torment immunity, boosted hp, AC +5, unfitting armour,
(cold-blooded)
a: Renounce Religion


You were on level 4 of the Dungeon.
You worshipped Wu Jian.
Wu Jian was noncommittal.
You were a tree.
You visited 1 branch of the dungeon, and saw 4 of its levels.

You collected 192 gold pieces.

Inventory:

Hand Weapons
 s - a +1 vorpal hand axe (weapon)
Missiles
 c - 7 boomerangs of dispersal
 h - 6 boomerangs (quivered)
 k - 26 stones
 m - 6 poisoned darts
Armour
 j - a +0 cloak (melded)
Magical Staves
 v - a staff of poison
Jewellery
 u - a ring of resist corrosion (left branch)
Scrolls
 b - 3 scrolls of blinking
 d - 2 scrolls of noise {unknown}
 e - 2 scrolls of poison {unknown}
 f - a scroll of teleportation {unknown}
 l - a scroll of enchant weapon {unknown}
 n - 2 scrolls of identify {unknown}
 q - a scroll of torment {unknown}
 r - a scroll of fear {unknown}
 t - a scroll of silence {unknown}
Potions
 a - a potion of mutation {unknown}
 g - a potion of degeneration
 i - a potion of lignification
 o - 2 potions of flight {unknown}
 p - a potion of resistance


   Skills:
 + Level 2.6 Fighting
 + Level 2.7 Axes
 + Level 1.2 Throwing
 + Level 2.4 Dodging
 + Level 0.8 Stealth
 + Level 2.1 Spellcasting
 + Level 3.5 Translocations


You had one spell level left.
You knew the following spells:

 Your Spells              Type           Power      Damage    Failure   Level
a - Blink                 Tloc           16%        N/A       11%         2
b - Gell's Gravitas       Tloc           8%         N/A       22%         3

Your spell library contained the following spells:

 Spells                   Type           Power      Damage    Failure   Level
 Lesser Beckoning         Tloc           8%         N/A       22%         3
 Teleport Other           Tloc           8%         N/A       22%         3
 Manifold Assault         Tloc           8%         N/A       90%         5


Dungeon Overview and Level Annotations

Branches:
Dungeon (4/15)
 Temple: D:4-7

Altars:
Wu Jian

Shops:
D:2 (


Innate Abilities, Weirdness & Mutations

You are a tree.
Your roots penetrate the ground, keeping you stationary.
You cannot be teleported.
You are immune to unholy pain and torment.
Your maximum health is greatly increased.
Your equipment is partially melded.
((Your plain brown scales are hard. (AC +5)))
You cannot fit into any form of body armour.
((You are cold-blooded and may be slowed by cold attacks.))


Message History

The orc hits you but does no damage.
The orc wizard gestures at you while chanting.
You resist with significant effort.
The wyvern bites you but does no damage.
The orc wizard mumbles some strange words.
The orc wizard flickers and vanishes!
Deactivating autopickup; reactivate with Ctrl-A.
The orc hits you but does no damage.
You cannot move.
Unknown command.
You cannot move.
Unknown command.
You cannot move.
Unknown command.
You cannot move.
Unknown command.
You hit the orc.
You kill the orc!
The Council accepts your kill.
You miss something. You hit the wyvern but do no damage.
The wyvern bites you but does no damage.
The wyvern bites you.
You hear some strange, mumbled words.
Something tries to affect you, but you resist.
You hit the wyvern.
The wyvern is lightly wounded.
You hit the endoplasm. You barely miss something. The wyvern bites you!
* * * LOW HITPOINT WARNING * * *
The endoplasm hits you but does no damage.
You hear some strange, mumbled words.
A puff of flame appears from out of thin air!
The puff of flame hits you but does no damage.
The wyvern barely misses you.
You barely miss the endoplasm.
The endoplasm is severely wounded.
You hit the wyvern. You hit something. The Council accepts your kill.
Reactivating autopickup.
You feel a bit more experienced. The wyvern bites you!
You die...

#..###.........#
#..............#
#..........)...##
#..............######
#..?................##
#..>..................
####.........)..).......
.......)................
......l♣)...............
......J.................
........................
........................
........................
........................
........................
........................
............


You could see a wyvern and an endoplasm.

Vanquished Creatures
  An orc wizard (D:4)
  2 adders
  A dart slug (D:1)
  3 orcs
  3 endoplasms
  A giant cockroach (D:3)
  7 goblins
  3 hobgoblins
  3 jackals (D:2)
  3 ball pythons
  4 bats
  2 frilled lizards (D:1)
  6 kobolds
  4 rats
43 creatures vanquished.

Notes
Turn   | Place    | Note
-------+----------+-------------------------------------------
     0 | D:1      | xian the Draconian Warper began the quest for the Orb.
     0 | D:1      | Reached XP level 1. HP: 17/17 MP: 3/3
   541 | D:1      | Reached XP level 2. HP: 20/24 MP: 5/5
   843 | D:1      | Found a faded altar of an unknown god.
  1166 | D:2      | Found Baych's Weapon Shop.
  1465 | D:2      | Reached XP level 3. HP: 24/30 MP: 6/6
  1470 | D:2      | Learned a level 2 spell: Blink
  1644 | D:2      | Learned a level 3 spell: Gell's Gravitas
  2194 | D:3      | Reached skill level 1 in Throwing
  2386 | D:3      | Found an ornate altar of the Wu Jian Council.
  2393 | D:3      | Noticed a spectral centipede
  2393 | D:3      | Noticed a spectral black mamba
  2393 | D:3      | Noticed a spectral scorpion
  2393 | D:3      | Noticed a spectral cane toad
  2394 | D:3      | Became a worshipper of the Wu Jian Council
  2934 | D:4      | Noticed a wyvern
  2945 | D:4      | Mangled by a wyvern

Illustrated notes

Levels and vault maps discovered:
D:1:      dpeg_arrival_lava_temple_mockup, layout_rooms,
          hellmonk_ecumenical_altar_crossroads, minivault_4,
          supply_closet_lemuel, minmay_door_square,
          nicolae_kite_square_tiling_tiny, hangedman_abyss_or_decor_lesser_grid
D:2:      layout_loops_ring, serial_shops, nicolae_shop_hallway_plus
D:3:      layout_basic, pdpol_wu_jian_five_deadly_venoms
D:4:      minmay_bubble_buster, layout_layer_cave, uniq_robin

Skill      XL: |  1  2  3 |
---------------+----------+-----
Throwing       | 1 |  1.2
Fighting       | |  2.6
Axes           | |  2.7
Dodging        | |  2.4
Stealth        | |  0.8
Spellcasting   | |  2.1
Translocations | |  3.5

Action                   || total
-------------------------++-------
Melee: Hand axe          ||   104
       Tailslap          ||     8
Throw: Stone             ||     8
       Boomerang         ||    22
Invok: Lunge             ||     1
  Use: Potion            ||     2
 Stab: Sleeping          ||     3
Armor: Skin              ||    55
Dodge: Dodged            ||    67
